 Dungeon Crawl Stone Soup version 0.28-a0-1143-gcf6077d4cc (webtiles) character file.

Game seed: 15236980623169763561

389 lessens the Grappler (level 6, -5/48 HPs)
             Began as a Ghoul Gladiator on Dec 14, 2021.
             Was an Initiate of Okawaru.
             Slain by an ogre (32 damage)
             ... on level 4 of the Dungeon.
             The game lasted 00:03:12 (3350 turns).

lessens the Grappler (Ghoul Gladiator)              Turns: 3350, Time: 00:03:13

Health: -5/48      AC:  4    Str: 20    XL:     6   Next: 79%
Magic:  5/5        EV: 12    Int:  3    God:    Okawaru [......]
Gold:   161        SH:  0    Dex: 10    Spells: 5/5 levels left

rFire   . . .      SeeInvis .     - Unarmed
rCold   + . .      Faith    .   (no shield)
rNeg    + + +      Spirit   .   a - +0 leather armour
rPois   ∞          Reflect  .   b - +0 helmet
rElec   .          Harm     .   (no cloak)
rCorr   .          Rampage  .   (no gloves)
Will    .....                   (no boots)
Stlth   +.........              (no amulet)
HPRegen 0.00/turn               (no ring)
MPRegen 0.09/turn               (no ring)

@: inhibited regen
A: claws 1, cold resistance 1, negative energy resistance 3, inhibited
regeneration, torment resistance 2
a: Renounce Religion


You were on level 4 of the Dungeon.
You worshipped Okawaru.
Okawaru was noncommittal.
You visited 2 branches of the dungeon, and saw 5 of its levels.

You collected 161 gold pieces.

Inventory:

Missiles
 c - 3 throwing nets (quivered)
 f - 41 stones
Armour
 a - a +0 leather armour (worn)
 b - a +0 helmet (worn)
Jewellery
 m - a ring of ice
Wands
 i - a wand of acid (11)
 p - a wand of iceblast (9)
Scrolls
 d - a scroll of teleportation {unknown}
 h - 2 scrolls of immolation {unknown}
 j - a scroll of identify {unknown}
 l - a scroll of enchant weapon {unknown}
 n - a scroll of brand weapon {unknown}
Potions
 e - a potion of curing {unknown}
 g - a potion of haste
 k - a potion of brilliance {unknown}
 o - a potion of might {unknown}


   Skills:
 - Level 2.1 Fighting
 - Level 1.7 Throwing
 - Level 2.6 Dodging
 + Level 8.1 Unarmed Combat


You had 5 spell levels left.
You didn't know any spells.
Your spell library was empty.

Dungeon Overview and Level Annotations

Branches:
Dungeon (4/15)             Temple (1/1) D:4

Altars:
Ashenzari
Cheibriados
Fedhas
Gozag
Kikubaaqudgha
Makhleb
Okawaru
Qazlal
Ru
Trog
Xom
Zin


Innate Abilities, Weirdness & Mutations

You thrive by killing the living.
You are immune to poison.
You have sharp fingernails.
Your flesh is cold resistant. (rC+)
You are immune to negative energy. (rN+++)
You do not regenerate when monsters are visible.
You are immune to unholy pain and torment.


Message History

You claw the adder skeleton!
You destroy the adder skeleton!
Okawaru accepts your kill.
No target in view!
No target in view!
You see here a +0 leather armour.
HP restored.
Things that are here:
a +0 long sword; a +0 leather armour; the human corpse of Eustachio A worm comes into view.
A worm is nearby!
A worm is nearby!
You scratch the worm.
The worm is moderately wounded.
The worm misses you.
You claw the worm!
You kill the worm!
Okawaru accepts your kill.
No target in view!
No target in view!
An ogre comes into view. It is wielding a +0 giant club.
The ogre shouts!
An ogre is nearby!
An orc comes into view. It is wielding a +0 dagger.
The orc shouts!
You hear a shout!
An orc comes into view. It is wielding a +0 trident.
An orc comes into view. It is wielding a +0 club.
The ogre hits you with a +0 giant club!
You scratch the ogre.
The ogre is moderately wounded.
You barely miss the ogre.
The ogre is moderately wounded.
The ogre barely misses you.
The orc hits you from afar with a +0 trident.
You scratch the ogre.
The ogre is moderately wounded.
The orc closely misses you.
The ogre hits you with a +0 giant club!!
Ouch! That really hurt!
You die...

...... .....
.... o.. ##..
####oo ...
..#O# ..#
#.#@# #.#
#.#.# ### #.#
#...# ....
#.###..##
...##
#......#
...###..).###
#.#.....##
#....#..#
##......##


You could see an ogre and 3 orcs.

Vanquished Creatures
  Eustachio (D:4)
  An ice beast (D:3)
  Ijyb (D:3)
  A gnoll (D:3)
  5 adders
  An adder skeleton (D:4)
  A worm (D:4)
  2 dart slugs
  2 orcs
  8 bats
  6 endoplasms
  A giant cockroach (D:3)
  11 goblins
  13 hobgoblins
  A quokka (D:2)
  3 ball pythons
  5 frilled lizards
  5 kobolds
  3 rats
71 creatures vanquished.

Notes
Turn   | Place    | Note
-------+----------+-------------------------------------------
     0 | D:1      | lessens the Ghoul Gladiator began the quest for the Orb.
     0 | D:1      | Reached XP level 1. HP: 17/17 MP: 0/0
   116 | D:1      | Reached XP level 2. HP: 21/24 MP: 1/1
   599 | D:1      | Reached skill level 4 in Unarmed Combat
   950 | D:1      | Found a faded altar of an unknown god.
  1158 | D:2      | Reached XP level 3. HP: 29/29 MP: 2/2
  1291 | D:2      | Reached skill level 5 in Unarmed Combat
  1436 | D:2      | Reached XP level 4. HP: 33/36 MP: 3/3
  2548 | D:3      | Noticed Ijyb
  2563 | D:3      | Killed Ijyb
  2564 | D:3      | Reached skill level 6 in Unarmed Combat
  2564 | D:3      | Reached XP level 5. HP: 31/41 MP: 4/4
  2747 | D:3      | Noticed an ice beast
  2757 | D:3      | Killed an ice beast
  2758 | D:3      | Reached skill level 7 in Unarmed Combat
  2758 | D:3      | Reached XP level 6. HP: 33/48 MP: 5/5
  3125 | D:4      | Found a staircase to the Ecumenical Temple.
  3137 | Temple   | Entered the Ecumenical Temple
  3166 | Temple   | Became a worshipper of Warmaster Okawaru
  3194 | D:4      | Noticed Eustachio
  3310 | D:4      | Killed Eustachio
  3311 | D:4      | Reached skill level 8 in Unarmed Combat
  3350 | D:4      | Slain by an ogre

Illustrated notes

Levels and vault maps discovered:
D:1:      amcnicky_arrival_gap_in_the_tavern_cellar, layout_basic,
          ebering_ecumenical_altar_rust
D:2:      layout_loops_corners, minmay_tetromino_s4
D:3:      layout_basic, uniq_ijyb
D:4:      layout_rooms, kennysheep_mini_moat, temple_doors_e,
          chequers_mini_garden, uniq_eustachio
Temple:   minmay_temple_bridge_abc

Skill      XL: |  1  2  3  4  5  6 |
---------------+-------------------+-----
Unarmed Combat | 4 5 6 7 8 |  8.1
Fighting       | |  2.1
Throwing       | |  1.7
Dodging        | |  2.6

Action                   |  1- 3 |  4- 6 || total
-------------------------+-------+-------++-------
Melee: Unarmed           |   112 |   120 ||   232
       Punch             |       |     2 ||     2
Armor: Leather armour    |    31 |    27 ||    58
Dodge: Dodged            |    59 |    75 ||   134

Table legend: (Time is in decaauts)
 A = Elapsed time spent in this place.
 B = Non-inter-level travel time spent in this place.
 C = Inter-level travel time spent in this place.
 D = Time resting spent in this place.
 E = Time spent auto-exploring this place.
 F = Levels seen in this place.
 G = Mean time per level.
                   A        B        C        D        E       F      G
               +--------+--------+--------+--------+--------+-----+--------+
         Total |   3329 |   3136 |    193 |     80 |   2595 |   5 |  665.8 |
       Dungeon |   3196 |   3023 |    173 |      0 |   2576 |   4 |  799.0 |
        Temple |    132 |    112 |     20 |     80 |     19 |   1 |  132.0 |
               +--------+--------+--------+--------+--------+-----+--------+

Top non-repeatable levels by time:
     D:1: 1144 daAuts
     D:3: 998 daAuts
     D:2: 915 daAuts
     D:4: 138 daAuts
  Temple: 132 daAuts
